 Dungeon Crawl Stone Soup version 0.30.0-17-ge0270778cf (webtiles) character file.

Game seed: 14093260737885467604

42 zeram the Shield-Bearer (level 3, 0/33 HPs)
             Began as a Minotaur Fighter on May 23, 2023.
             Slain by an orc
             ... wielding a +0 trident
              (1 damage)
             ... on level 3 of the Dungeon.
             The game lasted 00:01:48 (1050 turns).

zeram the Shield-Bearer (Minotaur Fighter)          Turns: 1050, Time: 00:01:49

Health: 0/33       AC:  7    Str: 22    XL:     3   Next: 33%
Magic:  2/2        EV:  9    Int:  5    God:
Gold:   7          SH:  5    Dex:  9    Spells: 2/2 levels left

rFire   . . .        a - +1 war axe
rCold   . . .        c - +1 buckler
rNeg    . . .        b - +0 scale mail
rPois   .            (helmet restricted)
rElec   .            (no cloak)
rCorr   .            (no gloves)
SInv    .            (no boots)
Will    .....        (no amulet) Stlth
                     (no ring)
HPRegen 0.25/turn    (no ring)
MPRegen 0.08/turn

%: no passive effects
@: lethally poisoned (0 -> -1), studying Shields
A: horns 2, retaliatory headbutt
a: no special abilities


You were on level 3 of the Dungeon.
You visited 1 branch of the dungeon, and saw 3 of its levels.

You collected 7 gold pieces.

Inventory:

Hand Weapons
 a - a +1 war axe (weapon)
Armour
 b - a +0 scale mail (worn)
 c - a +1 buckler (worn)
Scrolls
 g - a scroll of enchant weapon
Potions
 d - 3 potions of might
 i - a potion of flight


   Skills:
 + Level 4.0 Fighting
 + Level 3.0 Axes
 + Level 4.1 Armour
 + Level 0.2 Dodging
 + Level 4.3 Shields


You had 2 spell levels left.
You didn't know any spells.
Your spell library was empty.

Dungeon Overview and Level Annotations

Branches:
Dungeon (3/15)

Altars:


Innate Abilities, Weirdness & Mutations

You have a pair of horns on your head.
You reflexively headbutt those who attack you in melee.


Message History

You miss the adder. Your headbutt misses the adder.
The adder bites you but does no damage.
The orc hits you from afar with a +0 trident.
The adder bites you.
You are poisoned.
The adder poisons you!
You are too injured to fight recklessly!
Unknown command.
You are too injured to fight recklessly!
Unknown command.
You are too injured to fight recklessly!
You are too injured to fight recklessly!
You barely miss the adder. Your headbutt misses the adder.
You feel very sick. The adder closely misses you.
The orc hits you from afar with a +0 trident.
You block the orc's attack. You block the adder's attack.
The orc closely misses you. x2
You hit the adder.
The adder is heavily wounded.
You feel sick. The adder bites you but does no damage.
The orc barely misses you. You block the orc's attack. The adder bites you.
* * * LOW HITPOINT WARNING * * *
Unknown command.
Okay, then.
Okay, then.
You closely miss the adder.
The adder is heavily wounded.
You feel sick. The adder bites you.
* * * LOW HITPOINT WARNING * * *
The orc barely misses you. x2
Unknown command.
You closely miss the adder.
The adder is heavily wounded.
You feel sick. You block the adder's attack. The orc barely misses you.
The orc hits you from afar with a +0 trident.
* * * LOW HITPOINT WARNING * * *
The adder closely misses you.
The orc hits you from afar with a +0 trident.
You die... ####### #.....# #(...>## #...<.. ..... o{o

#S# #@#
#.# ##.##
#...#
#.#.#
#...#
#.### #.#
#.########


You could see an adder and 2 orcs.

Vanquished Creatures
  An adder (D:2)
  2 orcs (D:3)
  3 bats
  3 endoplasms
  2 giant cockroaches (D:2)
  3 goblins
  3 hobgoblins
  5 kobolds
  2 ball pythons (D:1)
  A frilled lizard (D:1)
  3 rats (D:2)
28 creatures vanquished.

Notes
Turn   | Place    | Note
-------+----------+-------------------------------------------
     0 | D:1      | zeram the Minotaur Fighter began the quest for the Orb.
     0 | D:1      | Reached XP level 1. HP: 19/19 MP: 0/0
   274 | D:1      | Reached XP level 2. HP: 27/27 MP: 1/1
   718 | D:2      | Reached XP level 3. HP: 29/33 MP: 2/2
   967 | D:2      | Identified a scroll of acquirement
   967 | D:2      | Acquired a manual of Shields
  1050 | D:3      | HP: 1/33 [orc/+0 trident (4)]
  1050 | D:3      | Slain by an orc

Illustrated notes

Levels and vault maps discovered:
D:1:      lightli_iron_boxes, layout_basic
D:2:      layout_rooms
D:3:      layout_loops_ring, serial_shops, shop, shop_statue,
          nicolae_shop_tiny_statue_garden, kennysheep_cluttered_room,
          uniq_natasha, uniq_sigmund

Skill      XL: |  1  2  3 |
---------------+----------+-----
Shields        | 4 |  4.3
Armour         | 4 |  4.1
Fighting       | 4 |  4.0
Axes           | 3 |  3.0
Dodging        | |  0.2

Action                     || total
---------------------------++-------
  Melee: War axe           ||    53
         Headbutt          ||     8
    Use: Scroll            ||     7
 Armour: Scale mail        ||    22
  Dodge: Dodged            ||    29
  Block: Buckler           ||    23
